 Dungeon Crawl Stone Soup version 0.29.1-13-g9f3cf754e1 (webtiles) character file.

Game seed: 17570582712641336057

61 pilgrim the Gusty (level 4, -3/25 HPs)
             Began as a Tengu Air Elementalist on Feb 10, 2023.
             Slain by a quokka (4 damage)
             ... on level 2 of the Dungeon.
             The game lasted 00:06:47 (1801 turns).

pilgrim the Gusty (Tengu Air Elementalist)          Turns: 1801, Time: 00:06:48

Health: -3/25      AC:  2    Str:  9    XL:     4   Next: 7%
Magic:  17/17      EV: 12    Int: 23    God:
Gold:   181        SH:  0    Dex: 14    Spells: 7/8 levels left

rFire   + . .      SeeInvis .   e - staff of fire
rCold   . . .      Faith    .   (no shield)
rNeg    . . .      Spirit   .   a - +0 robe
rPois   .          Reflect  .   (helmet restricted)
rElec   .          Harm     .   (no cloak)
rCorr   .          Rampage  .   (no gloves)
Will    .....                   (boots unavailable)
Stlth   ++........              (no amulet)
HPRegen 0.08/turn               c - ring of magical power
MPRegen 0.15/turn               f - +6 ring of intelligence

@: mighty
A: beak, talons 3
a: no special abilities


You were on level 2 of the Dungeon.
You visited 1 branch of the dungeon, and saw 3 of its levels.

You collected 181 gold pieces.

Inventory:

Hand Weapons
 d - a +0 dagger
Armour
 a - a +0 robe (worn)
Magical Staves
 e - a staff of fire (weapon)
Jewellery
 c - a ring of magical power (left hand)
 f - a +6 ring of intelligence (right hand)
 i - a ring of ice
Wands
 m - a wand of digging (2)
Scrolls
 j - a scroll of identify
 k - a scroll of immolation {unknown}
 l - a scroll of teleportation
 o - a scroll of magic mapping {unknown}
Potions
 b - a potion of magic
 g - a potion of degeneration
 n - a potion of attraction {unknown}
 p - a potion of flight {unknown}


   Skills:
 + Level 1.3 Fighting
 + Level 1.3 Staves
 + Level 2.8 Dodging
 - Level 2.0 Stealth
 + Level 2.5 Spellcasting
 - Level 1.3 Conjurations
 + Level 4.5 Air Magic


You had 7 spell levels left.
You knew the following spells:

 Your Spells              Type           Power      Damage    Failure   Level
a - Shock                 Conj/Air       64%        1d7       3%          1

Your spell library contained the following spells:

 Spells                   Type           Power      Damage    Failure   Level
 Static Discharge         Conj/Air       16%        3-5/arc   5%          2
 Swiftness                Air            23%        N/A       5%          3
 Airstrike                Air            11%        2d(2-18)  19%         4


Dungeon Overview and Level Annotations

Branches:
Dungeon (3/15)

Altars:

Shops:
D:3 :

Annotations:
D:3 Sigmund


Innate Abilities, Weirdness & Mutations

You have a beak for a mouth.
You have claws for feet.


Message History

Found a cyan potion.
Found 9 gold pieces.
p - a cyan potion A quokka and a kobold come into view.
A hobgoblin comes into view.
The kobold shouts!
You miss the quokka. You claw the quokka, but do no damage.
The quokka bites you.
You closely miss the quokka. The quokka closely misses you. x2
You hit the quokka but do no damage. Your peck misses the quokka.
The quokka bites you but does no damage.
Sigmund the Dreaded comes into view.
He is wielding a +0 scythe.
The quokka bites you. The quokka completely misses you.
The kobold attacks as you move away! The kobold hits you but does no damage.
The quokka attacks as you move away! The quokka bites you.
The quokka attacks as you move away! The quokka barely misses you.
The quokka misses you. The quokka attacks as you move away!
The quokka misses you.
You hear the slow rusting of a distant drain.
A gnoll comes into view. It is wielding a +0 spear.
The quokka bites you but does no damage.
The quokka attacks as you move away! The quokka misses you.
The quokka attacks as you move away! The quokka bites you.
The quokka bites you.
There is a stone staircase leading up here.
The quokka bites you.
* * * LOW HITPOINT WARNING * * *
You climb upwards.
There is a stone staircase leading down here.
You closely miss the quokka. Your kick misses the quokka.
You peck the quokka, but do no damage. The quokka bites you.
* * * LOW HITPOINT WARNING * * *
You barely miss the quokka.
The quokka bites you but does no damage.
The quokka closely misses you.
Okay, then.
It was a potion of might.
You feel very mighty all of a sudden. The quokka bites you.
You die...

##### #...#
#####...##########
#######................###
#.......###...#######.....
###...#####...# ##......
###.........### #..)....
#####@###.รท.###.......
##r.# ###...#....... #...#
#............ #.#.#
#............ ##.#.#
#............ #..#.#
#............ #.##.#
#.......##.#. #.##.#
#.......#..#. #.##.#
#............


You could see a quokka.

Vanquished Creatures
  2 adders (D:2)
  2 dart slugs
  3 ball pythons
  3 bats (D:2)
  An endoplasm (D:3)
  2 giant cockroaches
  4 jackals (D:1)
  4 quokkas
  A frilled lizard (D:1)
  8 goblins
  4 kobolds
  2 rats
36 creatures vanquished.

Notes
Turn   | Place    | Note
-------+----------+-------------------------------------------
     0 | D:1      | pilgrim the Tengu Air Elementalist began the quest for the
                  | Orb.
     0 | D:1      | Reached XP level 1. HP: 10/10 MP: 4/4
   123 | D:1      | Reached XP level 2. HP: 9/16 MP: 4/6
   418 | D:1      | Found a faded altar of an unknown god.
   764 | D:1      | Reached skill level 1 in Staves
   764 | D:1      | Reached XP level 3. HP: 20/20 MP: 4/7
   922 | D:2      | Reached skill level 1 in Fighting
  1443 | D:2      | Reached XP level 4. HP: 11/25 MP: 8/8
  1739 | D:3      | Found Puaboopya's Vocational Training.
  1779 | D:3      | Noticed Sigmund
  1799 | D:2      | HP: 1/25 [quokka (5)]
  1801 | D:2      | Slain by a quokka

Illustrated notes

Levels and vault maps discovered:
D:1:      lemuel_arrival_room, layout_basic, shapermc_ecumenical_altar_venn
D:2:      layout_rooms
D:3:      layout_rooms, portal_sewer_entry_d, nicolae_shop_vocational,
          uniq_robin, uniq_sigmund, uniq_natasha

Skill      XL: |  1  2  3 |
---------------+----------+-----
Staves         | 1 |  1.3
Fighting       | 1 |  1.3
Dodging        | |  2.8
Stealth        | |  2.0
Spellcasting   | |  2.5
Conjurations   | |  1.3
Air Magic      | |  4.5

Action                   |  1- 3 |  4- 6 || total
-------------------------+-------+-------++-------
Melee: Staff             |    22 |    11 ||    33
       Kick              |     8 |     2 ||    10
       Peck              |     3 |     5 ||     8
 Cast: Shock             |    49 |       ||    49
  Use: Scroll            |     4 |       ||     4
       Potion            |       |     1 ||     1
 Stab: Sleeping          |       |     1 ||     1
Armor: Robe              |     4 |     7 ||    11
Dodge: Dodged            |    15 |    10 ||    25
